 Dungeon Crawl Stone Soup version 0.21.1-1-g345015f (webtiles) character file.

19233 RENEGADE the Blocker (level 12, 0/103 HPs)
             Began as a Hill Orc Fighter on July 3, 2018.
             Was a Follower of Ru.
             Succumbed to Th3D0c's ghost's poison
             ... on level 2 of the Lair of Beasts on July 4, 2018.
             The game lasted 02:06:57 (12024 turns).

RENEGADE the Blocker (Hill Orc Fighter)            Turns: 12024, Time: 02:06:58

Health: 0/103      AC: 22    Str: 24    XL:     12   Next: 66%
Magic:  12/12      EV:  6    Int: 10    God:    Ru [*.....]
Gold:   604        SH: 34    Dex: 10    Spells: 11/11 levels left

rFire    + . .     SeeInvis +   c - +1 scimitar (flame)
rCold    + + .     Gourm    .   J - +18 shield of the Gong {rElec rN+ MR+ EV-5}
rNeg     + . .     Faith    .   n - +2 scale mail {rPois}
rPois    +         Spirit   .   l - +0 helmet
rElec    +         Reflect  +   E - +0 cloak
rCorr    .         Harm     .   O - +2 pair of gloves of Limited Liability {+Inv rPois rC++ Stlth+}
MR       +....                  (no boots)
Stlth    ++........             G - amulet "Alax" {Reflect rElec rF+ rC- SH+3 SInv}
HPRegen  0.27/turn              t - ring of poison resistance
MPRegen  0.13/turn              H - ring "Haacka" {rC+ AC+6 Int+2}

@: lethally poisoned (0 -> -5), hasted, very quick
A: see invisible, poison resistance, no earth magic, no necromancy magic, no
translocations magic
a: Renounce Religion, Evoke Invisibility


You were on level 2 of the Lair of Beasts.
You worshipped Ru.
Ru was aware of your devotion.
You were very hungry.

You visited 3 branches of the dungeon, and saw 15 of its levels.

You collected 604 gold pieces.

Inventory:

Hand Weapons
 c - a +1 scimitar of flaming (weapon)
 d - a +3 whip of venom
 z - a +0 flail of protection
 C - a +1 war axe of draining
Missiles
 u - 16 tomahawks
 K - 4 javelins of penetration (quivered)
Armour
 l - a +0 helmet (worn)
 n - a +2 scale mail of poison resistance (worn)
 E - a +0 cloak (worn)
 J - the +18 shield of the Gong (worn) {rElec rN+ MR+ EV-5}
   (You took it off an orc on level 9 of the Dungeon)

   It affects your evasion (-5).
   It insulates you from electricity.
   It protects you from negative energy.
   It affects your resistance to hostile enchantments.
 O - the +2 pair of gloves of Limited Liability (worn) {+Inv rPois rC++ Stlth+}
   (You found it on level 1 of the Lair of Beasts)

   It greatly protects you from cold.
   It protects you from poison.
   It lets you turn invisible.
   It makes you more stealthy.
Jewellery
 t - a ring of poison resistance (left hand)
 G - the amulet "Alax" (around neck) {Reflect rElec rF+ rC- SH+3 SInv}
   (You found it on level 11 of the Dungeon)

   [amulet of reflection]

   It shields you and reflects attacks.
   It protects you from fire.
   It makes you vulnerable to cold.
   It insulates you from electricity.
   It lets you see invisible.
   It affects your SH (+3).
 H - the ring "Haacka" (right hand) {rC+ AC+6 Int+2}
   (You took it off an orc wizard on level 9 of the Dungeon)

   [ring of protection]

   It affects your AC (+6).
   It affects your intelligence (+2).
   It protects you from cold.
Wands
 h - a wand of flame (51)
 k - a wand of iceblast (7)
 s - a wand of acid (18)
 B - a wand of paralysis (8)
Scrolls
 e - 2 scrolls of amnesia
 m - 5 scrolls of remove curse
 q - 4 scrolls of teleportation
 y - 2 scrolls of identify
 N - a scroll of immolation {unknown}
Potions
 b - 2 potions of ambrosia
 p - 2 potions of cancellation
 v - 2 potions of berserk rage
 F - 2 potions of mutation
Books
 j - a book of Changes

   Spells                             Type                      Level
   a - Beastly Appendage              Transmutation                1
   b - Sticks to Snakes               Transmutation                2
   c - Spider Form                    Transmutation/Poison         3
   d - Ice Form                       Ice/Transmutation            4
   e - Blade Hands                    Transmutation                5
 x - a book of Clouds

   Spells                             Type                      Level
   a - Poisonous Vapours              Poison/Air                   2
   b - Mephitic Cloud                 Conjuration/Poison/Air       3
   c - Conjure Flame                  Conjuration/Fire             3
   d - Freezing Cloud                 Conjuration/Ice/Air          6
   e - Ring of Flames                 Charms/Fire                  7
Miscellaneous
 I - a lightning rod (inert)
 M - a phantom mirror
Comestibles
 f - 20 rations


   Skills:
 + Level 8.6 Fighting
   Level 3.4(4.9) Short Blades
 * Level 6.0(6.5) Long Blades
 + Level 10.0(11.4) Axes
 + Level 7.7(9.4) Maces & Flails
 + Level 1.9 Throwing
 + Level 8.5 Armour
 + Level 4.1 Dodging
 + Level 2.6 Stealth
 + Level 12.9 Shields
 + Level 1.2 Evocations


You had 11 spell levels left.
You didn't know any spells.

Dungeon Overview and Level Annotations

Branches:
Dungeon (12/15)            Temple (1/1) D:5            Lair (2/6) D:11
    Orc (0/2) D:12
  Swamp: Lair:2-4    Shoals: Lair:2-4     Snake: Lair:2-4    Spider: Lair:2-4

Altars:
Ashenzari
Cheibriados
Dithmenos
Elyvilon
Fedhas
Gozag
Hepliaklqana
Kikubaaqudgha
Makhleb
Nemelex Xobeh
Okawaru
Qazlal
Ru
Sif Muna
Trog
Uskayaw
Vehumet
Wu Jian
Xom
Zin
The Shining One

Shops:
D:7 :   D:8 *   D:10 }   D:11 }

Annotations:
D:12 Psyche
Lair:2 Th3D0c's ghost, journeyman MiBe


Innate Abilities, Weirdness & Mutations

You cannot study or cast Earth magic.
You cannot study or cast Necromancy magic.
You cannot study or cast Translocations magic.
You have supernaturally acute eyesight. (SInv)
Your system is resistant to poisons. (rPois)


Message History

You barely miss Th3D0c's ghost.
Th3D0c's ghost is severely damaged.
Th3D0c's ghost is stunned by your will and fails to attack.
You block the yak's attack.
PTOANNNG!
You hear a howl!
You hear an angry buzzing noise. x9
You closely miss Th3D0c's ghost.
Th3D0c's ghost is severely damaged.
You feel less wooden.
Your +0 cloak unmelds from your body.
Your +0 helmet unmelds from your body.
The +2 pair of gloves of Limited Liability {+Inv rPois rC++ Stlth+} unmelds from your body.
Your +2 scale mail of poison resistance unmelds from your body.
You feel resistant to poison.
* * * LOW HITPOINT WARNING * * *
You feel sick.
The blink frog blinks!
Th3D0c's ghost hits you.
* * * LOW HITPOINT WARNING * * *
You block the yak's attack.
BONNNG!
You hear an angry buzzing noise. x4
You miss Th3D0c's ghost.
Th3D0c's ghost is severely damaged.
You die...

....#.. .......
....... ...# .......
....### .......
#.....# .......###
#.....##
..#.....####..#...#P
#..P.....##Y#F.≈.....
..........@WHl.......
##.#..##..##§h.......
#..## ####.#.....#.
..# #..h<..#.... ..#
#........... ..
##..........
#..........
P.....#....
............


You could see a komodo dragon, a hippogriff, a yak, a wolf, a bullfrog and
Th3D0c's ghost.

Vanquished Creatures
  A hydra (Lair:2)
  Harold (D:11)
  Erica (D:11)
  2 two-headed ogres
  An unseen horror (D:8)
  An oklob plant (D:11)
  An ugly thing (D:10)
  A cyclops (D:12)
  Maurice (D:10)
  2 centaur zombies
  3 gargoyles
  A kobold demonologist (D:12)
  2 komodo dragons (Lair:2)
  2 trolls
  4 slime creatures (D:12)
  2 hippogriffs
  Prince Ribbit (D:7)
  2 blink frogs (Lair:2)
  A wyvern (D:10)
  17 yaks
  Grum (D:9)
  A basilisk (D:12)
  Eustachio (D:5)
  Menkaure (D:6)
  A soldier ant (D:7)
  Duvessa (D:4)
  3 porcupines
  2 water moccasins
  A black bear (D:8)
  5 orc warriors
  2 sky beasts
  3 phantoms
  A necrophage (D:10)
  6 wolves
  2 ogres
  The ghost of Robespierre the Chiller, an amateur DsIE (D:3)
  2 big kobolds
  2 crocodiles
  Blork the orc (D:6)
  8 bullfrogs
  Dowan (D:4)
  A water moccasin zombie (D:10)
  4 scorpions
  7 killer bees
  3 vampire bats (D:4)
  6 howler monkeys
  6 crimson imps
  5 hounds
  7 orc priests
  2 centaur skeletons
  20 orc wizards
  2 bullfrog skeletons
  A gnoll shaman (D:4)
  2 iguanas
  16 worker ants
  A hound skeleton (D:9)
  Robin (D:2)
  7 gnolls (D:4)
  18 adders
  A shadow imp (D:8)
  2 adder skeletons
  A worm (D:2)
  A dart slug (D:3)
  4 leopard geckos
  41 orcs
  2 bat skeletons (D:4)
  5 bat zombies (D:4)
  8 giant cockroaches
  9 goblins
  10 hobgoblins
  13 jackals
  4 kobolds
  4 quokkas
  7 bats
  4 frilled lizards
  3 leopard gecko skeletons
  A quokka skeleton (D:9)
  2 quokka zombies
  5 rats
  A butterfly (D:7)
  11 plants (D:11)
341 creatures vanquished.

Vanquished Creatures (others)
  An orc (D:10)
  2 kobolds
  A bush (D:8)
  A fungus (Lair:2)
  2 plants
7 creatures vanquished.

Grand Total: 348 creatures vanquished

Notes
Turn   | Place    | Note
-------+----------+-------------------------------------------
     0 | D:1      | RENEGADE the Hill Orc Fighter began the quest for the Orb.
     0 | D:1      | Reached XP level 1. HP: 19/19 MP: 1/1
   354 | D:1      | Reached XP level 2. HP: 27/27 MP: 2/2
   475 | D:1      | You fall through a shaft!
   500 | D:2      | Reached XP level 3. HP: 22/33 MP: 3/3
  1025 | D:2      | Noticed Robin
  1044 | D:2      | Killed Robin
  1373 | D:2      | Reached XP level 4. HP: 41/41 MP: 4/4
  1657 | D:3      | Noticed Robespierre's ghost (amateur DsIE)
  1722 | D:3      | Killed Robespierre's ghost
  1722 | D:3      | Reached skill level 1 in Short Blades
  1722 | D:3      | Reached skill level 4 in Shields
  1722 | D:3      | Reached XP level 5. HP: 45/47 MP: 5/5
  1731 | D:3      | Reached skill level 1 in Dodging
  1758 | D:3      | Reached skill level 1 in Maces & Flails
  1835 | D:3      | Reached XP level 6. HP: 36/53 MP: 6/6
  1968 | D:4      | Noticed Duvessa
  1968 | D:4      | Noticed Dowan
  2329 | D:4      | Reached skill level 5 in Shields
  2342 | D:4      | Reached XP level 7. HP: 26/60 MP: 7/7
  2409 | D:4      | Found an ancient bone altar of Kikubaaqudgha.
  2453 | D:4      | Reached skill level 5 in Armour
  2531 | D:4      | Killed Duvessa
  2539 | D:4      | Killed Dowan
  2568 | D:5      | Entered Level 5 of the Dungeon
  2710 | D:4      | Reached skill level 6 in Shields
  2831 | D:4      | Got a crude ring mail
  2869 | D:6      | Noticed Blork the orc
  2882 | D:6      | Killed Blork the orc
  2882 | D:6      | Reached skill level 1 in Stealth
  2985 | D:5      | Reached XP level 8. HP: 65/67 MP: 8/8
  3001 | D:6      | Noticed Eustachio
  3093 | D:5      | Reached skill level 5 in Fighting
  3522 | D:5      | Found a staircase to the Ecumenical Temple.
  3531 | Temple   | Entered the Ecumenical Temple
  3570 | Temple   | Became a worshipper of Ru the Awakened
  4151 | D:5      | Killed Eustachio
  4151 | D:5      | Reached skill level 7 in Shields
  4282 | D:6      | Noticed Menkaure
  4285 | D:6      | Killed Menkaure
  4362 | D:6      | Found a hazy altar of Hepliaklqana.
  4490 | D:7      | Reached XP level 9. HP: 74/74 MP: 9/9
  4668 | D:7      | Noticed Prince Ribbit
  4713 | D:7      | Killed Prince Ribbit
  4787 | D:8      | Reached skill level 8 in Shields
  4895 | D:7      | Found Itavel's Book Shop.
  5104 | D:7      | Reached skill level 5 in Maces & Flails
  5420 | D:7      | Found a runed door.
  5466 | D:7      | Found a runed door.
  6336 | D:8      | Found Ahogomypn's Elemental Accessories.
  6378 | D:8      | Reached skill level 1 in Throwing
  6415 | D:8      | Reached skill level 9 in Shields
  6638 | D:8      | Killed an unseen horror
  6638 | D:8      | Reached XP level 10. HP: 28/83 MP: 10/10
  6984 | D:8      | Found a white marble altar of Elyvilon.
  6986 | D:8      | Found a blossoming altar of Fedhas.
  6986 | D:8      | Found a burning altar of Makhleb.
  7479 | D:9      | Noticed Grum
  7520 | D:9      | Killed Grum
  7520 | D:9      | Reached skill level 5 in Axes
  7521 | D:9      | Noticed a two-headed ogre
  7703 | D:9      | Killed a two-headed ogre
  7703 | D:9      | Reached skill level 10 in Shields
  7915 | D:10     | Entered Level 10 of the Dungeon
  7915 | D:10     | Noticed a cyan ugly thing
  7957 | D:9      | Found a shattered altar of Ashenzari.
  8089 | D:9      | Reached XP level 11. HP: 74/92 MP: 11/11
  8214 | D:9      | Got a wavering wooden ring
  8238 | D:9      | Gained mutation: You cannot study or cast Earth magic. [Ru sacrifice]
  8238 | D:9      | Gained mutation: You cannot study or cast Necromancy magic. [Ru sacrifice]
  8238 | D:9      | Gained mutation: You cannot study or cast Translocations magic. [Ru sacrifice]
  8238 | D:9      | Reached * piety under Ru
  8246 | D:9      | Found a stormy altar of Qazlal.
  8336 | D:9      | Found a glowing golden altar of the Shining One.
  8572 | D:9      | Identified the ring "Haacka" {rC+ AC+6 Int+2} (You took it off an orc wizard on level 9 of the Dungeon)
  8735 | D:10     | Killed a cyan ugly thing
  8783 | D:10     | Noticed Maurice
  8800 | D:10     | Killed Maurice
  8800 | D:10     | Reached skill level 11 in Shields
  8900 | D:10     | Found Ryduopt's Gadget Emporium.
  9047 | D:10     | Noticed a two-headed ogre
  9055 | D:10     | Killed a two-headed ogre
  9375 | D:11     | Noticed Harold
  9380 | D:11     | Noticed Erica
  9508 | D:10     | Identified a scroll of acquirement
  9541 | D:11     | Found Leill's Gadget Shop.
  9658 | D:11     | Killed Erica
  9698 | D:11     | Killed Harold
  9698 | D:11     | Reached skill level 1 in Evocations
  9798 | D:11     | Found a staircase to the Lair.
  9798 | D:11     | Noticed an oklob plant
  9854 | D:11     | Got a faintly glowing emerald amulet
  9920 | D:11     | Identified the amulet "Alax" {Reflect rElec rF+ rC- SH+3 SInv} (You found it on level 11 of the Dungeon)
 10040 | D:12     | Noticed a cyclops
 10244 | D:11     | Killed an oklob plant
 10408 | D:12     | Reached skill level 10 in Axes
 10524 | D:12     | Reached skill level 1 in Long Blades
 10524 | D:12     | Reached XP level 12. HP: 101/101 MP: 12/12
 10539 | D:12     | Reached skill level 12 in Shields
 10656 | D:12     | Noticed Psyche
 10657 | D:12     | Noticed a yaktaur captain
 10687 | D:12     | Found a staircase to the Orcish Mines.
 10767 | D:12     | Gained mutation: You have supernaturally acute eyesight. (SInv) [potion of mutation]
 10767 | D:12     | Gained mutation: You are clumsy. (Dex -2) [potion of mutation]
 10767 | D:12     | Gained mutation: Your system is resistant to poisons. (rPois) [potion of mutation]
 10767 | D:12     | Lost mutation: You are clumsy. (Dex -2) [potion of mutation]
 10783 | D:12     | Noticed a fire dragon
 10787 | D:12     | Noticed a frost giant
 10789 | D:12     | Noticed a seven-headed hydra
 10793 | D:12     | Noticed an ice dragon
 10793 | D:12     | a wolf spider changed into an ice dragon
 10799 | D:12     | Noticed an anaconda
 11169 | Lair:1   | Entered Level 1 of the Lair of Beasts
 11481 | Lair:1   | Got a pair of transparent gloves
 11492 | Lair:1   | Identified the +2 pair of gloves of Limited Liability {+Inv rPois rC++ Stlth+} (You found it on level 1 of the Lair of Beasts)
 11924 | Lair:2   | Noticed a five-headed hydra
 11940 | Lair:2   | Killed a one-headed hydra
 11959 | Lair:2   | Reached skill level 5 in Long Blades
 11983 | Lair:2   | Noticed Th3D0c's ghost (journeyman MiBe)
 12023 | Lair:2   | HP: 5/103 [poisoned by Th3D0c's ghost]
 12023 | Lair:2   | HP: 1/103 [Th3D0c's ghost (4)]
 12024 | Lair:2   | Succumbed to Th3D0c's ghost's poison

Skill      XL: |  1  2  3  4  5  6  7  8  9 10 11 12 |
---------------+-------------------------------------+-----
Fighting       | 4 5 6 7 8 |  8.6
Axes           | 3 6 10 | 10.0
Short Blades   | 1 3 |  3.4
Armour         | 4 5 6 7 8 |  8.5
Shields        | 4 5 6 7 9 10 11 12 | 12.9
Dodging        | 1 2 3 4 |  4.1
Maces & Flails | 1 2 3 4 6 7 |  7.7
Stealth        | 1 2 |  2.6
Throwing       | 1 |  1.9
Evocations     | 1 |  1.2
Long Blades    | 1 6 |  6.0

Action                   |  1- 3 |  4- 6 |  7- 9 | 10-12 || total
-------------------------+-------+-------+-------+-------++-------
Melee: War axe           |    54 |       |       |   455 ||   509
       Short sword       |    37 |    13 |       |       ||    50
       Whip              |       |   191 |   412 |    91 ||   694
       Dagger            |       |       |   249 |       ||   249
       Flail             |       |       |       |    19 ||    19
       Scimitar          |       |       |       |   286 ||   286
Throw: Tomahawk          |       |       |    10 |    20 ||    30
       Javelin           |       |       |       |     2 ||     2
Invok: Sacrifice Arcana  |       |       |       |     1 ||     1
       Reject Sacrifices |       |       |       |     1 ||     1
Evoke: Wand              |       |       |     1 |    12 ||    13
       Lightning rod     |       |       |       |     4 ||     4
  Use: Potion            |     2 |       |     4 |    14 ||    20
       Scroll            |       |       |    13 |    15 ||    28
 Stab: Invisible         |       |       |     5 |       ||     5
       Paralysed         |       |       |       |    12 ||    12
       Held in net/web   |       |       |       |     2 ||     2
  Eat: Ration            |     1 |       |     3 |     3 ||     7
       Chunk             |       |     1 |     7 |     6 ||    14
Armor: Scale mail        |    16 |       |       |    20 ||    36
       Ring mail         |     6 |    78 |   136 |       ||   220
       Plate armour      |       |       |    84 |   181 ||   265
       Skin              |       |       |    11 |     5 ||    16
Dodge: Dodged            |    20 |    60 |   152 |    72 ||   304
Block: Shield            |    53 |   144 |   510 |   949 ||  1656
       Reflection        |       |     2 |     3 |    21 ||    26
       Rpst.: Scimitar   |       |       |       |     9 ||     9
